 Dungeon Crawl Stone Soup version 0.29.1-13-g9f3cf754e1 (webtiles) character file.

Game seed: 10065829386471459002

7005 cdecastro the Grappler (level 10, -4/96 HPs)
             Began as a Troll Fighter on Jan 28, 2023.
             Was an Elder of Okawaru.
             Slain by a troll (11 damage)
             ... on level 10 of the Dungeon.
             The game lasted 00:21:55 (6972 turns).

cdecastro the Grappler (Troll Fighter)              Turns: 6972, Time: 00:21:56

Health: -4/96      AC:  9    Str: 26    XL:     10   Next: 82%
Magic:  12/12      EV: 10    Int:  4    God:    Okawaru [****..]
Gold:   341        SH:  0    Dex: 13    Spells: 9/9 levels left

rFire   . . .      SeeInvis .     - Unarmed
rCold   . . .      Faith    .   (no shield)
rNeg    . . .      Spirit   .   J - +0 steam dragon scales
rPois   .          Reflect  .   (helmet restricted)
rElec   .          Harm     .   q - +1 cloak
rCorr   .          Rampage  .   (gloves unavailable)
Will    .....                   (boots unavailable)
Stlth   +.........              (no amulet)
HPRegen 1.06/turn               g - ring of wizardry
MPRegen 0.13/turn               (no ring)

@: no status effects
A: large, unfitting armour, claws 3, regeneration 1, shaggy fur 1, tough skin 1
a: Renounce Religion, Heroism, Finesse


You were on level 10 of the Dungeon.
You worshipped Okawaru.
Okawaru was greatly pleased with you.
You visited 2 branches of the dungeon, and saw 11 of its levels.
You also visited: Sewer and Ossuary.

You collected 341 gold pieces.

Inventory:

Hand Weapons
 b - a +3 sling
 P - a +0 morningstar
 V - a +0 quarterstaff of freezing
Missiles
 f - 40 poisoned darts (quivered)
 N - 3 curare-tipped darts
 Q - a boomerang
 R - a silver javelin
 S - 5 atropa-tipped darts
 T - a javelin
Armour
 a - a +0 robe
 q - a +1 cloak (worn)
 r - a +0 kite shield
 J - +0 steam dragon scales (worn)
 M - a scarf of invisibility
 W - a +1 robe of cold resistance
Magical Staves
 e - a staff of conjuration
 i - a staff of earth
Jewellery
 g - a ring of wizardry (left claw)
 L - a +6 ring of dexterity
 U - a ring of ice
Wands
 t - a wand of light (5)
 C - a wand of iceblast (13)
 O - a wand of mindburst (16)
Scrolls
 c - a scroll of silence {unknown}
 d - 4 scrolls of teleportation
 j - 2 scrolls of amnesia {unknown}
 k - a scroll of vulnerability {unknown}
 l - 2 scrolls of brand weapon {unknown}
 n - 8 scrolls of blinking {unknown}
 o - 2 scrolls of poison {unknown}
 v - 2 scrolls of noise {unknown}
 w - a scroll of fog {unknown}
 x - 2 scrolls of fear {unknown}
 y - 2 scrolls of enchant weapon {unknown}
 B - 5 scrolls of enchant armour {unknown}
 D - a scroll of torment {unknown}
 K - 4 scrolls of identify
Potions
 h - 3 potions of heal wounds
 m - 5 potions of mutation
 p - 2 potions of brilliance {unknown}
 s - 4 potions of berserk rage
 u - a potion of curing {unknown}
 z - 8 potions of haste
 A - 4 potions of ambrosia {unknown}
 E - 4 potions of lignification {unknown}
 F - 4 potions of flight {unknown}
 G - 2 potions of cancellation {unknown}
 H - 2 potions of might
 I - 2 potions of invisibility {unknown}


   Skills:
 - Level 5.0 Fighting
 + Level 9.1 Throwing
 - Level 2.4 Dodging
 - Level 2.6 Shields
 - Level 11.2 Unarmed Combat
 - Level 5.0 Invocations


You had 9 spell levels left.
You didn't know any spells.
Your spell library contained the following spells:

 Spells                   Type           Power      Damage    Failure   Level
 Apportation              Tloc           0%         N/A       22%         1
 Necrotise                Necr           0%         1d4       22%         1
 Fireball                 Conj/Fire      0%         3d3       99%         5
 Iskenderun's Battlesphe  Conj           0%         2d6       99%         5
 Conjure Ball Lightning   Conj/Air       0%         3x3d6     100%        6
 Iron Shot                Conj/Erth      0%         9d1       100%        6
 Starburst                Conj/Fire      0%         6d3       100%        6
 Orb of Destruction       Conj           0%         9d5       100%        7
 Necromutation            Tmut/Necr      0%         N/A       100%        8
 Summon Small Mammal      Summ           Unusable   N/A       N/A         1

Dungeon Overview and Level Annotations

Branches:
Dungeon (10/15)            Temple (1/1) D:6            Lair (0/5) D:9
  Sewer (visited)         Ossuary (visited)
    Orc: D:9-12

Altars:
Ashenzari
Cheibriados
Dithmenos
Elyvilon
Fedhas
Gozag
Hepliaklqana
Kikubaaqudgha
Makhleb
Nemelex Xobeh
Okawaru
Qazlal
Ru
Sif Muna
Trog
Uskayaw
Vehumet
Wu Jian
Xom
Yredelemnul
Zin
The Shining One

Annotations:
D:2 Sigmund
D:3 exclusion: statue
D:4 Grinder
D:5 3 runed translucent doors, Smersh616's ghost, weakling DEDe
D:7 not done - hydra
D:9 Erolcha


Innate Abilities, Weirdness & Mutations

You are too large for most types of armour.
You have claws for hands.
Your natural rate of healing is unusually fast.
You are covered in fur. (AC +1)
You have tough skin. (AC +1)


Message History

You barely miss the troll.
The troll is severely wounded.
The troll bites you!
The troll claws you but does no damage. x2
The troll bites you! The troll barely misses you. The troll closely misses you.
You scratch the troll.
The troll is severely wounded.
The troll barely misses you. The troll claws you but does no damage.
The troll barely misses you. x2; The troll misses you.
The troll claws you!
You barely miss the troll.
The troll is severely wounded.
You scratch the troll. You claw the troll.
The troll is almost dead.
The troll bites you. The troll closely misses you. The troll claws you!
The troll closely misses you. The troll claws you.
* * * LOW HITPOINT WARNING * * *
The troll claws you but does no damage.
You barely miss the troll.
The troll is almost dead.
The troll completely misses you. The troll claws you!
* * * LOW HITPOINT WARNING * * *
The troll claws you.
* * * LOW HITPOINT WARNING * * *
The troll completely misses you. The troll closely misses you.
The troll claws you.
* * * LOW HITPOINT WARNING * * *
You claw the troll!
You kill the troll!
Okawaru accepts your kill. The troll bites you!
* * * LOW HITPOINT WARNING * * *
The troll claws you.
* * * LOW HITPOINT WARNING * * *
The troll claws you but does no damage.
Your Throwing skill increases to level 9!
Okay, then.
Unknown command.
The troll attacks as you move away! The troll bites you.
* * * LOW HITPOINT WARNING * * *
The troll claws you!
You die...

...#.#.###........
....>............. .$.
#................. ...
#...............# ....
.....#..........###...
..#####..............
. ..# #............#
... ###
##.........T.#....#
#......)..@.......
......####...........
.....## #..##...##...
...#.$. ##.......# .
...#.# ...##...# .. ..
....# ..... .# #.....
#.##.. #..... ## #.


You could see a troll.

Vanquished Creatures
  Fannar (D:10)
  A two-headed ogre (D:9)
  Maggie (D:6)
  A troll (D:10)
  Prince Ribbit (D:6)
  9 yaks
  2 steam dragons
  Edmund (D:4)
  A water moccasin (D:9)
  3 orc warriors
  An ice beast (D:6)
  3 black bears
  A sky beast (D:6)
  2 ogres (D:5)
  2 centaurs
  5 kobold brigands
  2 bullfrogs
  2 phantoms
  2 scorpions
  6 water moccasin zombies (Ossuary)
  2 jellies (D:5)
  A howler monkey (D:10)
  2 electric eels (D:6)
  6 hounds
  A gnoll bouda (D:4)
  6 orc priests
  3 iguanas
  4 orc wizards
  Natasha (D:2)
  2 mummies (Ossuary)
  Robin (D:1)
  4 gnolls (D:4)
  9 adders
  8 river rats
  3 shadow imps
  3 white imps
  6 adder zombies (Ossuary)
  4 worms
  3 dart slugs
  13 orcs
  7 ball pythons
  7 endoplasms
  4 giant cockroaches
  15 goblins
  8 hobgoblins
  4 jackals (D:4)
  A quokka (D:1)
  A bat (D:3)
  3 frilled lizards
  2 gnoll zombies (Ossuary)
  4 hobgoblin zombies (Ossuary)
  30 kobolds
  5 kobold zombies (Ossuary)
  2 orc zombies (Ossuary)
  7 rats
229 creatures vanquished.

Vanquished Creatures (others)
  An orc wizard (D:4)
  4 fungi (D:9)
  11 plants
16 creatures vanquished.

Grand Total: 245 creatures vanquished

Notes
Turn   | Place    | Note
-------+----------+-------------------------------------------
     0 | D:1      | cdecastro the Troll Fighter began the quest for the Orb.
     0 | D:1      | Reached XP level 1. HP: 22/22 MP: 0/0
   316 | D:1      | Reached XP level 2. HP: 27/29 MP: 1/1
   354 | D:1      | Reached skill level 3 in Unarmed Combat
   698 | D:2      | Reached XP level 3. HP: 36/36 MP: 2/2
   699 | D:2      | Noticed Robin
   714 | D:1      | Killed Robin
   743 | D:2      | Got Ereshkigal's Teachings on Hurting and Dark Secrets
   750 | D:2      | Noticed Sigmund
   838 | D:2      | Noticed Natasha
   848 | D:2      | Killed Natasha
   849 | D:2      | Reached skill level 4 in Unarmed Combat
   849 | D:2      | Reached XP level 4. HP: 43/44 MP: 3/3
   999 | D:3      | Found a snail-covered altar of Cheibriados.
  1194 | D:3      | Found a radiant altar of Vehumet.
  1194 | D:3      | Noticed a charred statue
  1516 | D:4      | Reached skill level 5 in Unarmed Combat
  1524 | D:4      | Reached XP level 5. HP: 30/50 MP: 4/4
  1614 | D:4      | Found a glowing drain.
  1620 | D:4      | Reached skill level 6 in Unarmed Combat
  1627 | Sewer    | Entered a sewer
  1807 | Sewer    | Reached XP level 6. HP: 51/59 MP: 5/5
  1972 | D:4      | Identified the +1 ring mail of the Gastropod {rPois}
  2037 | D:4      | Noticed Grinder
  2048 | D:4      | Noticed Edmund
  2056 | D:4      | Paralysed by Grinder for 2 turns
  2186 | D:4      | Reached skill level 7 in Unarmed Combat
  2295 | D:4      | Found a sacrificial altar of Ru.
  2296 | D:4      | Found a hazy altar of Hepliaklqana.
  2303 | D:4      | Reached XP level 7. HP: 65/66 MP: 6/6
  2322 | D:4      | Found a shadowy altar of Dithmenos.
  2343 | D:4      | Found a glowing golden altar of the Shining One.
  2346 | D:4      | Found an iron altar of Okawaru.
  2347 | D:4      | Found a white marble altar of Elyvilon.
  2347 | D:4      | Found a glowing silver altar of Zin.
  2348 | D:4      | Found a basalt altar of Yredelemnul.
  2360 | D:4      | Killed Edmund
  2361 | D:4      | Reached skill level 8 in Unarmed Combat
  2497 | D:4      | Identified the +6 trident of Tyesa {speed, *Rage Will+
                  | Int+3}
  2788 | D:4      | Became a worshipper of Warmaster Okawaru
  2796 | D:5      | Entered Level 5 of the Dungeon
  2808 | D:5      | Found a shimmering blue altar of Sif Muna.
  2879 | D:5      | Reached skill level 9 in Unarmed Combat
  2918 | D:5      | Found a sparkling altar of Nemelex Xobeh.
  2937 | D:5      | Reached XP level 8. HP: 43/74 MP: 7/7
  3004 | D:5      | Found a runed translucent gate.
  3004 | D:5      | Found a runed translucent gate.
  3004 | D:5      | Found an opulent altar of Gozag.
  3004 | D:5      | Found a runed translucent gate.
  3004 | D:5      | Noticed Smersh616's ghost (weakling DEDe)
  3036 | D:5      | Reached skill level 10 in Unarmed Combat
  3044 | D:5      | Found a sand-covered staircase.
  3049 | Ossuary  | Entered an ossuary
  3074 | Ossuary  | Reached skill level 1 in Throwing
  3081 | Ossuary  | Reached * piety under Okawaru
  3693 | D:6      | Reached skill level 5 in Throwing
  3725 | D:6      | Found a blossoming altar of Fedhas.
  3945 | D:6      | Found a staircase to the Ecumenical Temple.
  3954 | D:6      | Reached skill level 1 in Invocations
  3954 | D:6      | Reached XP level 9. HP: 83/83 MP: 8/8
  3961 | Temple   | Entered the Ecumenical Temple
  4121 | D:6      | Noticed Maggie
  4145 | D:6      | Killed Maggie
  4145 | D:6      | Reached ** piety under Okawaru
  4343 | D:6      | Noticed Prince Ribbit
  4351 | D:6      | Killed Prince Ribbit
  4475 | D:6      | Reached skill level 5 in Invocations
  4516 | D:6      | Found a stormy altar of Qazlal.
  4756 | D:7      | Noticed a six-headed hydra
  5335 | D:8      | Reached skill level 5 in Fighting
  5725 | D:9      | Reached *** piety under Okawaru
  5781 | D:9      | Found an ornate altar of the Wu Jian Council.
  5808 | D:9      | Noticed Erolcha
  5822 | D:9      | Received a gift from Okawaru
  5827 | D:9      | Reached skill level 11 in Unarmed Combat
  5835 | D:9      | Reached XP level 10. HP: 31/96 MP: 12/12
  5983 | D:9      | Identified the +1 ring mail of Plasticity {rElec rPois rF+
                  | Regen+}
  6138 | D:9      | Found a staircase to the Lair.
  6152 | D:9      | Noticed a two-headed ogre
  6308 | D:9      | Killed a two-headed ogre
  6527 | D:9      | Found a hide-covered altar of Uskayaw.
  6810 | D:10     | Entered Level 10 of the Dungeon
  6843 | D:10     | Noticed Fannar
  6855 | D:10     | Identified the +1 plate armour of Xolot Toenank {Drain
                  | rElec rPois Dex+8}
  6867 | D:10     | Killed Fannar
  6874 | D:10     | Received a gift from Okawaru
  6877 | D:10     | Reached **** piety under Okawaru
  6972 | D:10     | Slain by a troll

Illustrated notes

Levels and vault maps discovered:
D:1:      shiori_arrival_oz, layout_basic
D:2:      layout_rooms, basic_ecumenical_altar, basic_altar, uniq_robin,
          uniq_sigmund, uniq_terence, uniq_natasha
D:3:      layout_loops_ring, vehumet_statue, kennysheep_slug_shrine
D:4:      layout_loops_ring, grunt_temple_overflow_open,
          lightli_sewer_entry_pipes, uniq_edmund, uniq_grinder
D:5:      layout_loops_ring, mainiacjoe_overflow_six_doors_small,
          nicolae_sif_muna_condensation, ebering_ghost_gozag, enter_ossuary_5
D:6:      minmay_klotski, layout_basic, nicolae_qazlal_scattered_showers,
          overflow_temple_1_default, minmay_temple_entry_drinking_statues,
          serial_bayou, serial_bayou_crossing, serial_bayou_pond_c,
          serial_bayou_shore_b, serial_bayou_pond_d, uniq_eustachio,
          uniq_prince_ribbit1, uniq_maggie
D:7:      layout_loops_ring, hangedman_minor_gate_pass
D:8:      layout_gridville
D:9:      layout_roguey, mainiacjoe_overflow_small_starburst,
          nicolae_uskayaw_dance_studio, dpeg_oklobed_lair, uniq_erolcha
D:10:     layout_cave_pools, ebering_ghost_inner_flame, uniq_fannar
Temple:   hellmonk_temple_rainy

Skill      XL: |  1  2  3  4  5  6  7  8  9 10 |
---------------+-------------------------------+-----
Unarmed Combat | 3 4 5 6 7 9 10 11 | 11.2
Throwing       | 5 9 |  9.1
Fighting       | 3 5 |  5.0
Invocations    | 1 5 |  5.0
Dodging        | |  2.4
Shields        | |  2.6

Action                   |  1- 3 |  4- 6 |  7- 9 | 10-12 || total
-------------------------+-------+-------+-------+-------++-------
Melee: Unarmed           |    74 |   157 |   299 |   134 ||   664
       Punch             |     2 |     3 |    15 |     5 ||    25
 Fire: Sling             |       |       |     1 |       ||     1
Throw: Dart              |       |       |     1 |     3 ||     4
Invok: Heroism           |       |       |     1 |     2 ||     3
  Use: Scroll            |       |     2 |     6 |       ||     8
       Potion            |       |     1 |       |       ||     1
 Stab: Sleeping          |       |     1 |     2 |       ||     3
Armor: Robe              |    14 |    59 |    38 |       ||   111
       Steam dragon scal |       |       |    47 |    49 ||    96
Dodge: Dodged            |    47 |    73 |   116 |    63 ||   299
